 Dungeon Crawl Stone Soup version 0.27-a0-1586-gd5c625afe7 (webtiles) character file.

Game seed: 17859441841334014340

103 HAL9000 the Sneak (level 4, -4/23 HPs)
             Began as a Vine Stalker Brigand on July 18, 2021.
             Killed by divine providence
             ... invoked by an orc priest
              (13 damage)
             ... on level 4 of the Dungeon.
             The game lasted 00:04:05 (2818 turns).

HAL9000 the Sneak (Vine Stalker Brigand)            Turns: 2818, Time: 00:04:05

Health: -4/23      AC:  3    Str: 14    XL:     4   Next: 79%
Magic:  0/5        EV: 11    Int: 11    God:
Gold:   101        SH:  0    Dex: 16    Spells: 3/3 levels left

rFire    + . .     SeeInvis .   q - +2 dagger (venom)
rCold    . . .     Faith    .   (no shield)
rNeg     . . .     Spirit   +   b - +0 robe
rPois    .         Reflect  .   (no helmet)
rElec    .         Harm     .   c - +0 cloak
rCorr    .         Rampage  .   (no gloves)
Will     .....                  (no boots)
Stlth    +++.......             (no amulet)
HPRegen  1.07/turn              l - ring of protection from fire
MPRegen  0.09/turn              (no ring)

@: no status effects
A: fangs 2, regeneration 1, magic shield, antimagic bite, no potion heal 2
a: no special abilities


You were on level 4 of the Dungeon.
You visited 1 branch of the dungeon, and saw 4 of its levels.

You collected 101 gold pieces.

Inventory:

Hand Weapons
 a - a +2 dagger
 q - a +2 dagger of venom (weapon)
Missiles
 d - 8 poisoned darts (quivered)
 e - 2 curare-tipped darts
Armour
 b - a +0 robe (worn)
 c - a +0 cloak (worn)
Jewellery
 l - a ring of protection from fire (left hand)
 o - a ring of wizardry
Scrolls
 f - a scroll of magic mapping {unknown}
 h - a scroll of brand weapon {unknown}
 i - 4 scrolls of identify {unknown}
 j - a scroll of torment {unknown}
 k - 2 scrolls of blinking {unknown}
 p - a scroll of teleportation {unknown}
Potions
 g - 2 potions of heal wounds {unknown}
 m - a potion of brilliance {unknown}
 n - 2 potions of attraction {unknown}
 r - a potion of might {unknown}


   Skills:
 - Level 1.7 Fighting
 - Level 1.7 Short Blades
 + Level 4.4 Throwing
 - Level 0.7 Dodging
 - Level 4.8 Stealth


You had 3 spell levels left.
You didn't know any spells.
Your spell library contained the following spells:

 Spells                   Type           Power      Damage    Failure   Level
 Shock                    Conj/Air       0%         1d3       34%         1
 Swiftness                Air            0%         N/A       71%         3
 Airstrike                Air            0%         N/A       98%         4


Dungeon Overview and Level Annotations

Branches:
Dungeon (4/15)
 Temple: D:4-7

Altars:

Shops:
D:2 [


Innate Abilities, Weirdness & Mutations

You have extremely sharp teeth.
Your natural rate of healing is unusually fast.
When hurt, damage is shared between your health and your magic reserves.
Your bite disrupts and absorbs the magic of your enemies.
Potions cannot restore your health.


Message History

The ball python bites you but does no damage.
The ball python grabs you. The ball python constricts you.
You hit the ball python.
You kill the ball python!
An orc wizard comes into view. It is wielding a +0 dagger.
There are monsters nearby!
Found a buckler.
The orc priest shouts!
The orc wizard shouts!
You hear a shout!
The orc wizard gestures at you while chanting.
The magic dart hits you!
An orc comes into view. It is wielding a +0 club. x2
There are monsters nearby!
There is a stone staircase leading up here.
A gnoll comes into view.
It is wielding a +2 halberd of protection.
The orc priest invokes the aid of Beogh against you.
Beogh smites you!
You climb upwards.
There is a stone staircase leading down here.
Unknown command.
You start resting.
HP restored.
Magic restored.
There is a stone staircase leading down here.
You climb downwards.
You hear the hiss of flowing sand.
There is an entrance to an ossuary on this level.
Hurry and find it before the portal is buried!
The gnoll shouts!
The orc shouts! x2
The orc hits you but does no damage.
The orc wizard casts a spell.
The orc wizard flickers and vanishes!
Deactivating autopickup; reactivate with Ctrl-A.
The orc priest invokes the aid of Beogh against you.
Pain shoots through your body! The orc closely misses you.
You hear a shout!
There is a stone staircase leading up here.
The gnoll hits you from afar with a +2 halberd of protection.
The orc priest calls down the wrath of Beogh upon you.
Beogh smites you!
Ouch! That really hurt!
You die...

.....# o....#
.o...# .....#
...g.#
##########.[.g#
#....o...o....##
#<.....g.@.....#
#..............#
##########.....+
....## #####


You could see an orc priest, 3 gnolls and 3 orcs.

Vanquished Creatures
  2 adders (D:2)
  2 dart slugs (D:1)
  5 orcs (D:3)
  7 endoplasms
  2 giant cockroaches
  2 goblins
  6 hobgoblins
  11 jackals
  2 quokkas
  10 ball pythons
  9 bats
  4 frilled lizards
  6 kobolds
68 creatures vanquished.

Notes
Turn   | Place    | Note
-------+----------+-------------------------------------------
     0 | D:1      | HAL9000 the Vine Stalker Brigand began the quest for the
                  | Orb.
     0 | D:1      | Reached XP level 1. HP: 11/11 MP: 2/2
   263 | D:1      | Reached XP level 2. HP: 12/15 MP: 3/3
   961 | D:1      | Reached XP level 3. HP: 16/18 MP: 4/4
  1806 | D:2      | Gained mutation: Your natural rate of healing is unusually
                  | fast. [Vine Stalker growth]
  1806 | D:2      | Reached XP level 4. HP: 20/23 MP: 5/5
  1893 | D:2      | Found Huiblora's Antique Armour Emporium.
  2133 | D:2      | Found a faded altar of an unknown god.
  2818 | D:4      | Killed from afar by an orc priest

Illustrated notes

Levels and vault maps discovered:
D:1:      dpeg_arrival_signposts, layout_loops_ring
D:2:      layout_loops_ring, shapermc_ecumenical_altar_mp_urbaneastern,
          serial_shops, shop
D:3:      layout_rooms, minivault_19, due_unseen_surprise
D:4:      layout_gridville, enter_ossuary_4, minmay_snake_closets, uniq_natasha

Skill      XL: |  1  2  3  4 |
---------------+-------------+-----
Throwing       | 2 3 4 |  4.4
Fighting       | |  1.7
Short Blades   | |  1.7
Dodging        | |  0.7
Stealth        | |  4.8

Action                   |  1- 3 |  4- 6 || total
-------------------------+-------+-------++-------
Melee: Dagger            |   103 |    83 ||   186
       Bite              |    16 |    18 ||    34
Throw: Dart              |    14 |     3 ||    17
 Stab: Sleeping          |    13 |     3 ||    16
Armor: Robe              |    22 |    26 ||    48
Dodge: Dodged            |    61 |    51 ||   112

Table legend: (Time is in decaauts)
 A = Elapsed time spent in this place.
 B = Non-inter-level travel time spent in this place.
 C = Inter-level travel time spent in this place.
 D = Time resting spent in this place.
 E = Time spent auto-exploring this place.
 F = Levels seen in this place.
 G = Mean time per level.
                   A        B        C        D        E       F      G
               +--------+--------+--------+--------+--------+-----+--------+
         Total |   2799 |   2721 |     78 |    342 |   1922 |   4 |  699.8 |
       Dungeon |   2799 |   2721 |     78 |    342 |   1922 |   4 |  699.8 |
               +--------+--------+--------+--------+--------+-----+--------+

Top non-repeatable levels by time:
     D:1: 1572 daAuts
     D:2: 733 daAuts
     D:3: 481 daAuts
     D:4: 12 daAuts
